 Dungeon Crawl Stone Soup version 0.22.1-1-ga44c0e56f4 (webtiles) character file.

1546 LLavrengius the Carver (level 8, -17/65 HPs)
             Began as a Barachi Fighter on Oct 6, 2018.
             Was a Follower of Elyvilon.
             Demolished by Duvessa
             ... wielding a +0 short sword of electrocution
              (19 damage)
             ... on level 6 of the Dungeon on Oct 8, 2018.
             The game lasted 00:24:04 (5320 turns).

LLavrengius the Carver (Barachi Fighter)            Turns: 5320, Time: 00:24:05

Health: -17/65     AC: 12    Str: 19    XL:     8   Next: 87%
Magic:  5/8        EV:  4    Int: 10    God:    Elyvilon [*.....]
Gold:   247        SH: 12    Dex: 11    Spells: 7/7 levels left

rFire    . . .     SeeInvis .   a - +0 long sword
rCold    . . .     Gourm    .   c - +1 shield
rNeg     . . .     Faith    .   g - +0 plate armour
rPois    .         Spirit   .   (no helmet)
rElec    .         Reflect  .   (no cloak)
rCorr    .         Harm     .   (no gloves)
MR       .....                  m - +0 pair of boots
Stlth    ..........             (no amulet)
HPRegen  0.20/turn              k - ring of flight
MPRegen  0.11/turn              (no ring)

@: slow
A: +LOS, swims, slowness 1, strong legs 1
a: Hop, Lesser Healing, Divine Protection, Renounce Religion, Evoke Flight


You were on level 6 of the Dungeon.
You worshipped Elyvilon.
Elyvilon was aware of your devotion.
You were hungry.

You visited 1 branch of the dungeon, and saw 6 of its levels.
You also visited: Sewer.

You collected 247 gold pieces.

Inventory:

Hand Weapons
 a - a +0 long sword (weapon)
 x - a +0 morningstar of holy wrath
Missiles
 u - 5 javelins (quivered)
Armour
 c - a +1 shield (worn)
 g - a +0 plate armour (worn)
 m - a +0 pair of boots (worn)
 y - a +0 buckler
Jewellery
 k - a ring of flight (left hand)
 t - an uncursed ring of see invisible {unknown}
 w - an uncursed amulet of the gourmand {unknown}
Wands
 r - a wand of flame (4)
Scrolls
 b - 2 scrolls of enchant armour
 i - 2 scrolls of magic mapping {unknown}
 j - 3 scrolls of identify
 n - 2 scrolls of teleportation {unknown}
 o - a scroll of amnesia {unknown}
Potions
 d - a potion of lignification
 e - a potion of berserk rage {unknown}
 h - 3 potions of curing
 l - a potion of brilliance {unknown}
 p - a potion of invisibility {unknown}
 q - a potion of ambrosia {unknown}
 s - a potion of haste {unknown}
Comestibles
 f - 6 rations


   Skills:
 + Level 6.7 Fighting
 + Level 8.4 Long Blades
 + Level 0.3 Throwing
 - Level 4.0 Armour
 * Level 8.0 Shields
 + Level 0.5 Invocations


You had 7 spell levels left.
You didn't know any spells.
Your spell library contained the following spells:

 Spells                   Type           Power        Failure   Level  Hunger
 Confusing Touch          Hex            #.....       100%        1    ##.....
 Confuse                  Hex            #.......     100%        3    ####...
 Gell's Gravitas          Tloc           #.........   100%        3    ####...
 Petrify                  Tmut/Erth      #.......     100%        4    #####..
 Metabolic Englaciation   Hex/Ice        #.........   100%        5    ######.
 Yara's Violent Unravell  Hex/Tmut       #.........   100%        5    ######.


Dungeon Overview and Level Annotations

Branches:
Dungeon (6/15)
 Temple: D:4-7

Altars:
Elyvilon
Fedhas
Nemelex Xobeh
Vehumet
Yredelemnul
Zin

Shops:
D:5 %

Annotations:
D:6 Dowan, Duvessa


Innate Abilities, Weirdness & Mutations

Shadows flee at your approach. (+LOS)
You can swim through water.
You cover ground slowly.
You can hop short distances.


Message History

Your shield and plate armour prevent you from hitting Duvessa.
Duvessa is moderately wounded.
You block Duvessa's attack. You block Dowan's attack.
You are healed.
You are feeling hungry.
Duvessa hits you but does no damage. You block Dowan's attack.
You block Duvessa's attack.
You are healed.
You feel somewhat more hungry. You block Duvessa's attack.
Dowan mumbles some strange words.
Dowan blinks!
You are healed.
You feel somewhat more hungry. You block Duvessa's attack.
Duvessa hits you but does no damage.
You are electrocuted!
* * * LOW HITPOINT WARNING * * *
You fail to use your ability.
Duvessa says, "Where magic fails, the sword succeeds!"
Duvessa hits you but does no damage. Duvessa barely misses you.
You riposte.
You slash Duvessa!
Duvessa is heavily wounded.
Duvessa hits you but does no damage.
You are electrocuted!
You die...

####################.
#....................
#.............(......
+........e...........
#....................
...#######.@.........
. +........e........
########..........
+..........
#..........
#..........
#..........
#####+#+###


You could see Duvessa and Dowan.

Vanquished Creatures
  Grinder (D:3)
  Sigmund (D:2)
  2 phantoms (D:4)
  A sky beast (D:6)
  An ogre (D:5)
  2 scorpions
  A centaur zombie (D:5)
  5 hounds
  2 iguanas
  Jessica (D:3)
  Terence (D:2)
  Natasha (thrice) (D:2)
  An orc wizard (D:5)
  A worker ant (D:4)
  A hound skeleton (D:5)
  A howler monkey zombie (D:5)
  4 gnolls (D:3)
  10 adders
  3 oozes
  An adder zombie (D:5)
  An adder skeleton (D:4)
  3 worms
  A dart slug (D:2)
  5 leopard geckos
  19 orcs
  4 ball pythons
  6 bats
  4 giant cockroaches
  8 goblins
  6 hobgoblins
  17 jackals
  15 kobolds
  2 quokkas (D:3)
  7 frilled lizards
  A leopard gecko skeleton (D:4)
  A quokka skeleton (D:4)
  10 rats
  4 plants (Sewer)
157 creatures vanquished.

Vanquished Creatures (others)
  A worm (D:3)
1 creature vanquished.

Grand Total: 158 creatures vanquished

Notes
Turn   | Place    | Note
-------+----------+-------------------------------------------
     0 | D:1      | LLavrengius the Barachi Fighter began the quest for the
                  | Orb.
     0 | D:1      | Reached XP level 1. HP: 18/18 MP: 1/1
    67 | D:1      | Reached XP level 2. HP: 25/25 MP: 2/2
   443 | D:1      | Reached XP level 3. HP: 27/30 MP: 3/3
   728 | D:2      | Noticed Terence
   792 | D:2      | Killed Terence
   792 | D:2      | Reached XP level 4. HP: 26/38 MP: 4/4
   810 | D:2      | Noticed Natasha
   817 | D:2      | Killed Natasha
   903 | D:2      | Found a blossoming altar of Fedhas.
   936 | D:2      | Found a sparkling altar of Nemelex Xobeh.
   965 | D:2      | Noticed Natasha
   976 | D:2      | Killed Natasha
   976 | D:2      | Reached XP level 5. HP: 28/43 MP: 5/5
   991 | D:2      | Noticed Natasha
   992 | D:2      | Found a white marble altar of Elyvilon.
  1000 | D:2      | Killed Natasha
  1236 | D:2      | Became a worshipper of Elyvilon the Healer
  1341 | D:2      | Found a sparkling altar of Nemelex Xobeh.
  1352 | D:2      | Reached skill level 5 in Fighting
  1447 | D:2      | Noticed Sigmund
  1469 | D:2      | Killed Sigmund
  1469 | D:2      | Reached skill level 5 in Shields
  1469 | D:2      | Reached XP level 6. HP: 12/51 MP: 6/6
  1873 | D:2      | Reached skill level 5 in Long Blades
  1981 | D:3      | Found a basalt altar of Yredelemnul.
  2013 | D:3      | Found a glowing silver altar of Zin.
  2068 | D:3      | Noticed Jessica
  2093 | D:3      | Killed Jessica
  2119 | D:3      | Found a radiant altar of Vehumet.
  2198 | D:3      | Noticed Grinder
  2200 | D:3      | Paralysed by Grinder for 7 turns
  2218 | D:3      | HP: 2/52 [Grinder (7)]
  2218 | D:3      | Elyvilon protects you from harm!
  2661 | D:3      | Killed Grinder
  2661 | D:3      | Reached XP level 7. HP: 50/57 MP: 7/7
  2849 | D:3      | Found a faded altar of an unknown god.
  2969 | D:4      | Reached * piety under Elyvilon
  3269 | D:4      | Found a glowing drain.
  3273 | Sewer    | Entered a sewer
  4205 | D:4      | Reached XP level 8. HP: 31/64 MP: 8/8
  4428 | D:5      | Entered Level 5 of the Dungeon
  4823 | D:5      | Found Keos's Food Shop.
  5149 | D:5      | Noticed Duvessa
  5157 | D:5      | Noticed Dowan
  5318 | D:6      | HP: 2/65 [Duvessa/short sword of electrocution (18)]
  5320 | D:6      | Demolished by Duvessa

Skill      XL: |  1  2  3  4  5  6  7  8 |
---------------+-------------------------+-----
Armour         | 4 |  4.0
Fighting       | 4 5 6 |  6.7
Long Blades    | 3 4 6 7 8 |  8.4
Shields        | 4 5 6 8 |  8.0
Throwing       | |  0.3
Invocations    | |  0.5

Action                   |  1- 3 |  4- 6 |  7- 9 || total
-------------------------+-------+-------+-------++-------
Melee: Long sword        |   118 |   171 |   540 ||   829
Throw: Javelin           |       |       |     4 ||     4
Invok: Lesser Healing    |       |       |    10 ||    10
 Abil: Hop               |       |     1 |       ||     1
  Use: Potion            |       |     2 |       ||     2
       Scroll            |       |       |     4 ||     4
  Eat: Chunk             |       |     6 |     9 ||    15
       Ration            |       |       |     1 ||     1
Armor: Scale mail        |    18 |       |       ||    18
       Plate armour      |    74 |   131 |   236 ||   441
Dodge: Dodged            |    24 |    17 |    72 ||   113
Block: Shield            |    71 |    87 |   247 ||   405
       Rpst.: Long sword |     9 |     7 |    28 ||    44
